Map: Cactus Valley LE (Void)

Players

Railgan

  • Race: Zerg Zerg
  • League: Grandmaster
  • Spawn Location: 11:00

Semper - Winner!

  • Race: Terran Terran
  • League: Grandmaster
  • Spawn Location: 1:00

VOD

Have the link to the VOD?

Description

Time

  • Played on: March 19, 2017, 7:48 p.m.
  • Length: 14:21
Show
View Real Time Build Order
Export as new Build Order

Railgan Zerg 

Build Orders: Pool First, Lurkers 

Get SALT Encoding   

  12  0:00  Drone  
  13  0:13  Overlord  
  13  0:18  Drone  
  14  0:31  Drone x2  
  16  0:37  Drone  
  17  0:46  Spawning Pool  
  17  0:48  Drone  
  17  0:56  Drone  
  18  1:13  Extractor, Hatchery  
  18  1:17  Drone  
  17  1:20  Drone  
  18  1:33  Zergling x2, Queen  
  18  1:39  Drone  
  22  1:49  Overlord  
  22  2:08  Drone  
  23  2:09  Queen  
  23  2:11  Drone  
  26  2:20  Metabolic Boost  
  26  2:23  Drone  
  26  2:25  Queen  
  26  2:26  Zergling x2  
  30  2:36  Drone x2  
  32  2:41  Drone, Overlord  
  32  2:43  Drone  
  34  2:47  Drone x2  
  36  2:53  Evolution Chamber  
  36  2:57  Drone  
  36  3:08  Drone x3  
  36  3:10  Lair  
  39  3:19  Drone x2  
  40  3:20  Drone  
  40  3:21  Drone  
  40  3:22  Drone  
  43  3:29  Drone  
  43  3:30  Overlord  
  43  3:32  Extractor  
  43  3:39  Extractor, Zergling x2  
  43  3:43  Drone  
  43  3:45  Overlord  
  43  3:47  Extractor  
  43  3:49  Zergling x2  
  44  4:02  Zergling x4  
  45  4:03  Drone x4  
  45  4:08  Drone x2  
  51  4:11  Spire  
  51  4:12  Drone x2  
  51  4:15  Queen  
  51  4:16  Queen  
  56  4:19  Drone  
  56  4:21  Overseer  
  56  4:23  Drone  
  58  4:24  Drone  
  59  4:33  Zergling x2  
  59  4:35  Overlord x2  
  60  4:43  Overlord  
  57  4:56  Zergling x8  
  57  4:57  Zergling x4  
  59  5:09  Drone  
  59  5:10  Drone  
  59  5:13  Drone  
  59  5:15  Drone x4  
  57  5:30  Mutalisk  
  57  5:31  Mutalisk  
  57  5:32  Mutalisk  
  63  5:39  Mutalisk  
  63  5:42  Mutalisk  
  60  5:43  Mutalisk x3  
  60  5:47  Hatchery  
  60  5:49  Drone x3  
  70  5:51  Drone  
  72  5:57  Drone  
  72  5:59  Zerg Ground Armor Level 1  
  72  6:04  Drone  
  72  6:07  Hydralisk Den  
  72  6:10  Evolution Chamber, Drone  
  72  6:14  Overlord  
  72  6:15  Drone  
  72  6:17  Drone  
  74  6:20  Drone  
  74  6:24  Overlord  
  75  6:34  Drone  
  75  6:35  Drone x3  
  75  6:36  Muscular Augments  
  75  6:37  Zerg Missile Weapons Level 1  
  75  6:39  Hydralisk  
  81  6:47  Hydralisk  
  81  6:48  Hydralisk  
  81  6:50  Overseer  
  83  6:54  Hydralisk x2  
  83  6:58  Overlord  
  87  7:02  Hydralisk  
  89  7:10  Hydralisk  
  89  7:11  Hydralisk x2  
  95  7:20  Hydralisk  
  97  7:24  Hydralisk x3  
  97  7:25  Overlord  
  103  7:31  Drone  
  103  7:32  Drone, Overlord  
  103  7:36  Hydralisk, Zergling x2  
  106  7:37  Hydralisk  
  110  7:44  Hydralisk  
  110  7:45  Hydralisk  
  110  7:48  Hydralisk  
  110  7:49  Hydralisk  
  118  7:56  Hydralisk  
  120  8:00  Drone x2  
  120  8:03  Extractor x2, Drone x5  
  119  8:16  Drone  
  119  8:17  Drone  
  119  8:19  Drone  
  120  8:21  Drone x5  
  125  8:30  Zergling x8  
  125  8:32  Lurker Den  
  129  8:38  Zerg Ground Armor Level 2  
  129  8:40  Hatchery  
  128  8:44  Zerg Missile Weapons Level 2  
  128  8:45  Zergling x2  
  128  8:46  Overlord, Zergling x2  
  130  8:54  Spine Crawler x2  
  128  8:55  Spine Crawler  
  121  9:12  Queen  
  123  9:17  Pneumatized Carapace  
  123  9:20  Drone x2  
  123  9:21  Hydralisk x3  
  123  9:22  Overlord, Zergling x4  
  123  9:23  Overlord  
  123  9:24  Zergling x8  
  137  9:33  Zergling x2  
  138  9:47  Zergling x2  
  138  9:48  Hydralisk x7, Zergling x2  
  138  9:52  Overlord  
  150  10:08  Overlord  
  150  10:12  Hydralisk x4  
  158  10:14  Hydralisk  
  158  10:19  Overlord  
  160  10:23  Overlord  
  160  10:25  Overlord x2  
  154  10:28  Overlord  
  154  10:29  Hydralisk, Overlord  
  154  10:34  Lurker x3  
  154  10:35  Lurker x2  
  161  10:37  Overlord  
  161  10:41  Lurker x4  
  165  10:43  Zergling x2  
  165  10:46  Hydralisk x2  
  170  10:58  Hydralisk  
  170  10:59  Hydralisk x3  
  175  11:31  Hydralisk  
  177  11:38  Hydralisk x11  
  196  11:42  Hydralisk  
  191  11:47  Hydralisk x2  
  191  11:51  Hydralisk  
  191  11:52  Overlord  
  190  11:54  Zergling x4  
  190  12:00  Queen x3  
  190  12:01  Zergling x4  
  184  12:16  Overseer, Zergling x8  
  184  12:18  Lurker x3  
  191  12:27  Hydralisk  
  191  12:29  Hydralisk  
  171  12:30  Hydralisk  
  171  12:32  Hydralisk  
  171  12:35  Hydralisk  
  133  12:39  Zergling x2  
  133  12:40  Queen x3  
  113  12:45  Hydralisk x2  
  113  12:47  Hydralisk  
  119  12:53  Hydralisk  
  119  12:57  Hydralisk  
  109  13:00  Hydralisk  
  109  13:07  Hydralisk x2  
  103  13:23  Zergling x2  
  103  13:24  Zergling x6  
  105  13:30  Hydralisk x3  
  111  13:39  Hydralisk x7  
  125  13:41  Hatchery  
  125  13:47  Zergling x6  
  125  13:48  Zergling x2  
Show
View Real Time Build Order
Export as new Build Order

Semper Terran - Winner!

Build Orders: Hellion Opening, Reaper Expand, MMM Bio 

Get SALT Encoding   

  12  0:00  SCV  
  13  0:12  SCV  
  14  0:17  Supply Depot  
  14  0:24  SCV  
  15  0:38  SCV  
  15  0:40  Barracks  
  16  0:44  Refinery  
  16  0:51  SCV  
  17  1:03  SCV  
  18  1:15  SCV  
  19  1:27  Orbital Command  
  19  1:28  Reaper  
  20  1:41  Command Center  
  20  1:53  SCV  
  21  1:54  Supply Depot  
  21  2:00  Marine  
  22  2:05  SCV  
  23  2:09  Factory  
  23  2:17  SCV  
  23  2:22  Barracks Reactor  
  24  2:28  Refinery  
  24  2:29  SCV  
  25  2:41  SCV  
  26  2:53  SCV  
  26  2:54  Orbital Command  
  26  2:56  Starport  
  30  3:05  Hellion x2  
  30  3:07  SCV  
  31  3:18  Barracks Tech Lab  
  31  3:19  SCV  
  32  3:21  SCV  
  33  3:31  Hellion x2, SCV  
  33  3:33  Supply Depot  
  33  3:34  SCV  
  39  3:43  Raven, SCV  
  39  3:46  SCV  
  43  3:52  Supply Depot  
  43  3:55  SCV  
  43  3:57  Hellion x2  
  43  3:58  SCV  
  49  4:04  Supply Depot  
  49  4:07  SCV  
  50  4:10  SCV  
  51  4:20  SCV  
  51  4:21  Command Center  
  51  4:22  SCV  
  53  4:32  Supply Depot, SCV  
  53  4:34  SCV  
  53  4:35  Supply Depot  
  53  4:37  Hellion x2  
  59  4:43  Starport Reactor  
  59  4:46  SCV  
  58  4:56  SCV  
  57  5:02  SCV  
  57  5:04  Hellion x2  
  57  5:06  Marine  
  60  5:08  Barracks  
  60  5:11  Barracks  
  58  5:16  SCV, Stimpack  
  58  5:17  SCV  
  58  5:19  Refinery x2  
  58  5:20  Engineering Bay, Supply Depot  
  56  5:22  Engineering Bay  
  56  5:24  Marine, Supply Depot  
  57  5:29  SCV x2  
  57  5:35  Starport Reactor  
  59  5:41  SCV  
  59  5:42  Marine  
  61  5:44  SCV  
  61  5:47  Missile Turret  
  61  5:48  Missile Turret  
  61  5:49  Orbital Command  
  62  5:50  Missile Turret  
  62  5:51  Missile Turret  
  62  5:54  Missile Turret  
  62  5:57  Widow Mine  
  62  6:03  Barracks  
  62  6:04  Marine x3  
  64  6:10  SCV  
  64  6:11  Barracks, SCV  
  69  6:20  Marine x2  
  69  6:21  Marine  
  69  6:22  Marine, SCV  
  69  6:23  SCV  
  69  6:24  Terran Infantry Armor Level 1, Terran Infantry Weapons Level 1  
  69  6:25  SCV  
  76  6:30  Factory Reactor  
  76  6:32  Marine  
  76  6:37  Marine  
  76  6:38  Marine  
  76  6:39  Marine  
  80  6:40  Medivac x2  
  80  6:44  SCV  
  80  6:45  Marine  
  86  6:52  Barracks Reactor  
  86  6:53  SCV  
  87  6:55  Supply Depot, Orbital Command  
  87  6:56  Supply Depot  
  87  7:02  Marine x2, SCV  
  87  7:07  Widow Mine x2  
  94  7:12  Marine x2  
  96  7:17  SCV  
  96  7:20  Marine  
  96  7:22  Marine, Combat Shields  
  99  7:23  Medivac x2  
  103  7:31  SCV x3  
  103  7:34  Missile Turret  
  106  7:38  Bunker  
  106  7:39  Supply Depot  
  106  7:41  Supply Depot  
  103  7:45  Marine  
  103  7:47  Marine x2, Barracks Reactor  
  103  7:48  Marine x3, Widow Mine  
  103  7:49  Widow Mine  
  113  7:52  Marine  
  113  7:55  SCV x2  
  113  7:56  SCV  
  116  8:00  Armory  
  116  8:02  Supply Depot  
  116  8:03  Marine, Supply Depot  
  116  8:05  Marine x3  
  116  8:06  Marine  
  116  8:10  Marine x2  
  106  8:21  Marine  
  106  8:22  Marine  
  106  8:23  Marine x3  
  106  8:26  Marine  
  112  8:27  Marine  
  112  8:28  Marine x2  
  112  8:31  Barracks x2  
  112  8:33  Barracks  
  115  8:37  Refinery x2  
  115  8:39  Marine  
  115  8:40  Marine  
  115  8:41  Marine x3  
  118  8:44  Marine x2  
  118  8:46  Marine x2  
  118  8:47  Supply Depot  
  124  8:48  Factory Tech Lab, Supply Depot x2  
  124  8:49  Medivac x2  
  128  8:56  Marine  
  128  8:57  SCV x2  
  128  8:58  Marine x2  
  128  9:01  Marine  
  133  9:04  Marine  
  133  9:05  Marine x4  
  133  9:09  Supply Depot  
  134  9:10  Supply Depot  
  134  9:11  Siege Tank, Supply Depot  
  134  9:14  Marine  
  134  9:16  Marine  
  139  9:17  Marine, Factory  
  139  9:23  Medivac x2  
  145  9:26  Barracks Tech Lab x2  
  145  9:27  Barracks Tech Lab  
  145  9:29  Terran Vehicle Weapons Level 1  
  144  9:36  Terran Infantry Weapons Level 2  
  144  9:43  Marine x6, Siege Tank  
  144  9:45  Marauder  
  155  9:59  Marine, Marauder x2, Concussive Shells  
  158  10:05  Medivac x2  
  162  10:09  Marine  
  163  10:15  Siege Tank  
  166  10:28  Marine x3, Marauder  
  165  10:30  Marine  
  165  10:31  Marine  
  165  10:33  Factory Tech Lab  
  170  10:36  Supply Depot  
  170  10:40  Marine  
  170  10:42  Marine x5  
  174  10:45  Command Center  
  174  10:47  Siege Tank  
  177  10:51  Siege Tank  
  180  10:59  Marine, Marauder  
  183  11:04  Supply Depot  
  183  11:09  Marine, Marauder x3  
  189  11:19  Marine, Siege Tank  
  189  11:21  Marauder  
  189  11:24  Supply Depot  
  195  11:26  Siege Tank  
  195  11:30  Marauder  
  186  11:53  Terran Vehicle Weapons Level 2  
  183  11:58  Siege Tank  
  183  12:06  Marine x2, Marauder x4  
  183  12:07  Marine  
  183  12:08  Marine x3  
  195  12:20  Orbital Command  
  192  12:27  Marauder  
  183  12:30  Siege Tank  
  183  12:33  Marine x9  
  141  12:48  Marine  
  141  12:49  Unknown x4  
  141  12:51  Marine x7  
  142  12:57  Marine x2  
  148  13:02  Siege Tank  
  151  13:06  Marine  
  151  13:09  Marine x4  
  155  13:17  Orbital Command  
  144  13:26  Marine  
  144  13:27  Marauder x4  
  147  13:33  Starport  
  147  13:34  Siege Tank, Starport  
  147  13:37  Marine  
  150  13:42  Marine x4  
  150  13:44  Marine  
  150  13:45  Engineering Bay  
  150  13:48  SCV x3  
  158  13:50  Marine x4  
  162  13:55  Marine  
  162  13:59  Marine  
  162  14:00  SCV x3  
  165  14:13  Starport Reactor x2  
Tags
 
Add a new tag
Caveats
  • Supply blocks, unpowered buildings, or Contaminate may cause inaccurate times.
  • Supply counts are checked every 10 seconds.